 Dungeon Crawl Stone Soup version 0.28.0-43-g3370ac3207 (webtiles) character file.

Game seed: 3450185312435050468

121 experimilk the Shooter (level 4, -2/37 HPs)
             Began as a Minotaur Hunter on Mar 12, 2022.
             Slain by a ball python (3 damage)
             ... on level 3 of the Dungeon.
             The game lasted 00:04:50 (2193 turns).

experimilk the Shooter (Minotaur Hunter)            Turns: 2193, Time: 00:04:50

Health: -2/37      AC:  3    Str: 19    XL:     4   Next: 77%
Magic:  3/3        EV:  8    Int:  8    God:
Gold:   37         SH:  0    Dex: 10    Spells: 3/3 levels left

rFire   . . .      SeeInvis .   b - +0 dagger (venom)
rCold   . . .      Faith    .   (no shield)
rNeg    . . .      Spirit   .   c - +0 leather armour
rPois   +          Reflect  .   (helmet restricted)
rElec   .          Harm     .   (no cloak)
rCorr   .          Rampage  .   (no gloves)
Will    .....                   (no boots)
Stlth   +.........              (no amulet)
HPRegen 0.12/turn               h - ring of poison resistance
MPRegen 0.08/turn               (no ring)

@: constricted
A: horns 2, retaliatory headbutt
a: no special abilities


You were on level 3 of the Dungeon.
You visited 1 branch of the dungeon, and saw 3 of its levels.

You collected 37 gold pieces.

Inventory:

Hand Weapons
 a - a +1 shortbow
 b - a +0 dagger of venom (weapon)
 e - a +0 short sword
Missiles
 d - 50 arrows
 g - 3 throwing nets (quivered)
Armour
 c - a +0 leather armour (worn)
 n - a +0 ring mail
Jewellery
 h - a ring of poison resistance (left hand)
Scrolls
 f - a scroll of teleportation
 i - a scroll of fear {unknown}
 j - 2 scrolls of identify {unknown}
 k - a scroll of amnesia {unknown}
 m - a scroll of magic mapping {unknown}
Potions
 l - 3 potions of curing


   Skills:
 - Level 2.4 Fighting
 * Level 6.8 Bows
 - Level 2.1 Dodging
 - Level 0.7 Stealth


You had 3 spell levels left.
You didn't know any spells.
Your spell library contained the following spells:

 Spells                   Type           Power      Damage    Failure   Level
 Ensorcelled Hibernation  Hex/Ice        0%         N/A       61%         2
 Passwall                 Tmut/Erth      0%         N/A       61%         2
 Swiftness                Air            0%         N/A       83%         3


Dungeon Overview and Level Annotations

Branches:
Dungeon (3/15)

Altars:

Shops:
D:2 :

Annotations:
D:3 Natasha


Innate Abilities, Weirdness & Mutations

You have a pair of horns on your head.
You reflexively headbutt those who attack you in melee.


Message History

You hit Natasha.
Natasha is poisoned.
Natasha is heavily wounded.
Natasha claws you! The crimson imp hits you.
The ball python closely misses you. The ball python constricts you.
The ball python bites you.
You barely miss Natasha.
Natasha is heavily wounded.
Natasha barely misses you. The ball python barely misses you.
The ball python constricts you. The crimson imp hits you.
* * * LOW HITPOINT WARNING * * *
The ball python bites you but does no damage.
You barely miss Natasha.
Natasha is heavily wounded.
The ball python completely misses you. The ball python constricts you.
* * * LOW HITPOINT WARNING * * *
Natasha barely misses you. You furiously retaliate!
You headbutt Natasha.
The ball python bites you but does no damage.
The crimson imp hits you.
* * * LOW HITPOINT WARNING * * *
You hit Natasha but do no damage.
Natasha looks as sick as possible!
Your headbutt misses Natasha.
Natasha is severely wounded.
The ball python bites you.
* * * LOW HITPOINT WARNING * * *
The ball python constricts you.
* * * LOW HITPOINT WARNING * * *
The ball python bites you.
* * * LOW HITPOINT WARNING * * *
Natasha drinks a potion.
Natasha is healed!
Natasha looks more healthy.
The crimson imp hits you but does no damage.
The ball python bites you but does no damage.
The ball python constricts you.
You barely miss Natasha.
Natasha is lightly wounded.
The ball python bites you.
* * * LOW HITPOINT WARNING * * *
Natasha barely misses you. The crimson imp hits you.
* * * LOW HITPOINT WARNING * * *
The ball python bites you.
You die...

...#...........#
###...........#
#............#
...##.#..........#
.................#
...#..#..........#
....###.#########
........5##
.........@#
...?....ShS#
...........#
...........
..........(.
....?...$....
.<.........(..
.......(..((..


You could see Natasha, a crimson imp (summoned) and 2 ball pythons.

Vanquished Creatures
  4 gnolls (D:2)
  3 adders
  3 dart slugs
  4 endoplasms (D:1)
  3 giant cockroaches (D:1)
  5 goblins
  5 hobgoblins
  6 jackals (D:1)
  A quokka (D:1)
  4 ball pythons
  2 bats
  3 frilled lizards
  3 kobolds (D:1)
  A rat (D:2)
47 creatures vanquished.

Notes
Turn   | Place    | Note
-------+----------+-------------------------------------------
     0 | D:1      | experimilk the Minotaur Hunter began the quest for the Orb.
     0 | D:1      | Reached XP level 1. HP: 18/18 MP: 0/0
   274 | D:1      | Reached XP level 2. HP: 25/25 MP: 1/1
   310 | D:1      | Reached skill level 5 in Bows
   371 | D:1      | Found a faded altar of an unknown god.
   468 | D:1      | Reached XP level 3. HP: 30/30 MP: 2/2
   895 | D:2      | Reached skill level 6 in Bows
   899 | D:2      | Reached XP level 4. HP: 37/37 MP: 3/3
  1294 | D:2      | Found Hubytol's Book Boutique.
  2179 | D:3      | Noticed Natasha
  2193 | D:3      | HP: 1/37 [crimson imp[Natasha] (1)]
  2193 | D:3      | Slain by a ball python

Illustrated notes

Levels and vault maps discovered:
D:1:      amcnicky_arrival_single_pillar, layout_loops_ring,
          hellmonk_ecumenical_altar_dog_temple
D:2:      layout_basic, serial_shops, nicolae_shop_crystal
D:3:      layout_rooms, lightli_sewer_entry_pipes, uniq_natasha

Skill      XL: |  1  2  3 |
---------------+----------+-----
Bows           | 5 6 |  6.8
Fighting       | |  2.4
Dodging        | |  2.1
Stealth        | |  0.7

Action                   |  1- 3 |  4- 6 || total
-------------------------+-------+-------++-------
Melee: Dagger            |     9 |    39 ||    48
       Headbutt          |     3 |     2 ||     5
 Fire: Shortbow          |    71 |     8 ||    79
  Use: Scroll            |       |     1 ||     1
Armor: Leather armour    |     3 |    10 ||    13
Dodge: Dodged            |    13 |    34 ||    47
